[Event "Titled Tuesday Blitz October 5 2021"]
[White "Yaksin, Oleg"]
[Black "Royal, Shreyas"]
[WhiteFideId "24105880"]
[BlackFideId "448869"]
[WhiteElo "2256"]
[BlackElo "1931"]
[Result "1-0"]
[Round "06"]
[TimeControl "180+1"]
[Date "2021.10.05"]
[WhiteClock "0:00:24"]
[BlackClock "0:00:08"]

1. d4 Nf6 2. c4 e6 3. g3 d5 4. Nf3 Be7 5. Bg2 O-O 6. O-O c6 7. Qc2 b6 8. Bf4 Nbd7 9. Rd1 Ba6 10. Ne5 Rc8 11. Nc3 b5 12. c5 Nxe5 13. Bxe5 Nd7 14. Bf4 b4 15. Na4 Bf6 16. e4 Qa5 17. b3 dxe4 18. Bxe4 g6 19. Bd6 Rfd8 20. Nb2 e5 21. Nc4 Bxc4 22. Qxc4 exd4 23. a3 bxa3 24. b4 Qa4 25. Bc2 Qb5 26. Qxb5 cxb5 27. Rxa3 Nb6 28. Rxa7 Nc4 29. Bf4 Nb2 30. Rb1 d3 31. Bb3 d2 32. Bxd2 Rxd2 33. Rxf7 Rd3 34. Be6 Re8 35. Rxf6+ Kg7 36. Rf7+ Kh6 37. Rxb2 Rxe6 38. Rb7 Re1+ 39. Kg2 Rdd1 40. Rxb5 Rg1+ 41. Kf3 Rd3+ 42. Ke2 Rd4 43. c6 Rc4 44. Rc5 Rgc1 45. Rxc4 Rxc4 46. b5 Kg5 47. b6 Rxc6 48. b7 Rc8 49. bxc8=Q h5 50. Rb5+ Kh6 51. Qh8# 1-0


[Site "https://www.chess.com"]

[Event "Titled Tuesday Blitz October 5 2021"]
[White "Yakubboev, Nodirbek"]
[Black "Maly, Alexey"]
[WhiteFideId "14203987"]
[BlackFideId "14103184"]
[WhiteElo "2464"]
[BlackElo "2294"]
[Result "1-0"]
[Round "06"]
[TimeControl "180+1"]
[Date "2021.10.05"]
[WhiteClock "0:00:06"]
[BlackClock "0:00:41"]

1. d4 d5 2. c4 dxc4 3. e4 Nf6 4. e5 Nd5 5. Bxc4 Nb6 6. Bd3 Nc6 7. Ne2 Bg4 8. f3 Bh5 9. Nbc3 e6 10. Be3 Be7 11. O-O Nb4 12. Be4 N4d5 13. Bf2 O-O 14. Rc1 c6 15. Ng3 Bg6 16. Bxg6 hxg6 17. Nge4 Qd7 18. g3 Rad8 19. Qe2 Qc7 20. h4 Qb8 21. Kg2 f5 22. exf6 gxf6 23. Rh1 Kf7 24. h5 gxh5 25. Rxh5 Rh8 26. Rch1 Rxh5 27. Rxh5 Rh8 28. f4 Qg8 29. Kf1 Rh7 30. f5 exf5 31. Rxf5 Rh1+ 32. Kg2 Qh8 33. Ng5+ Kg6 34. Qe6 Qh2+ 35. Kf3 Rf1 36. Qf7+ Kxf5 37. g4+ Kxg5 38. Qg7# 1-0


[Site "https://www.chess.com"]

[Event "Titled Tuesday Blitz October 5 2021"]
[White "ketster"]
[Black "Dudzinski, Pawel"]
[BlackFideId "1117890"]
[WhiteElo "2536"]
[BlackElo "2193"]
[Result "1-0"]
[Round "06"]
[TimeControl "180+1"]
[Date "2021.10.05"]
[WhiteClock "0:00:10"]
[BlackClock "0:00:11"]

1. d4 d5 2. c4 e6 3. Nf3 Nf6 4. g3 Be7 5. Bg2 O-O 6. O-O b6 7. Ne5 Bb7 8. Nc3 c6 9. e4 Nbd7 10. Bf4 dxe4 11. Nxe4 Nxe4 12. Bxe4 Nxe5 13. Bxe5 Bd6 14. Qh5 f5 15. Bg2 Bxe5 16. dxe5 Qc7 17. f4 c5 18. Rad1 Bxg2 19. Kxg2 Rad8 20. Qf3 Rd4 21. Rxd4 cxd4 22. b3 Rd8 23. Rd1 h6 24. Rd3 Rd7 25. h4 g6 26. g4 fxg4 27. Qxg4 Qc6+ 28. Qf3 Qc8 29. Kf2 Qd8 30. Qg4 Kf7 31. Rg3 Qg8 32. h5 d3 33. Qxg6+ Qxg6 34. hxg6+ Kg7 35. Ke1 d2+ 36. Kd1 Rd4 37. Rg2 Rxf4 38. Kxd2 Rf5 39. Kd3 Rxe5 40. Kd4 Rg5 41. Re2 Rxg6 42. b4 h5 43. c5 Rg4+ 44. Kc3 bxc5 45. bxc5 Kf6 46. Rf2+ Ke7 47. Rb2 Ra4 48. Rb7+ Kd8 49. Kb3 Ra6 50. Rh7 Ra5 51. Rxh5 Kc7 52. a4 Kc6 53. Kb4 Ra6 54. Rh6 Kd5 55. Kb5 Rc6 56. Rh5+ Kd4 57. Kxc6 e5 58. Kd6 e4 59. c6 e3 60. Rd5+ Kc3 61. Re5 Kd3 62. c7 e2 63. c8=Q e1=Q 64. Qa6+ Kd2 65. Rxe1 Kc2 66. Qxa7 Kb3 67. Qb6+ Kc4 68. Rc1+ Kd3 69. Qb3+ Ke4 70. Rc4+ Kf5 71. Qf3+ Kg6 72. Rg4+ Kh5 73. Qh3# 1-0


[Site "https://www.chess.com"]

[Event "Titled Tuesday Blitz October 5 2021"]
[White "Abdusattorov, Nodirbek"]
[Black "Goltsev, Dmitry"]
[WhiteFideId "14204118"]
[BlackFideId "24176710"]
[WhiteElo "2690"]
[BlackElo "2334"]
[Result "1-0"]
[Round "07"]
[TimeControl "180+1"]
[Date "2021.10.05"]
[WhiteClock "0:02:04"]
[BlackClock "0:01:12"]

1. d4 Nf6 2. c4 e6 3. Nc3 Bb4 4. Qc2 Qe7 5. e4 b6 6. e5 Ng8 7. Ne2 Bb7 8. a3 Bxc3+ 9. Nxc3 d6 10. exd6 cxd6 11. Be2 Nf6 12. O-O O-O 13. Bg5 h6 14. Bh4 Nc6 15. Qd2 Rac8 16. Rfe1 Rfe8 17. Bf3 Na5 18. Bxb7 Qxb7 19. Bxf6 Nb3 20. Qd1 Nxa1 21. Qg4 g6 22. Qh4 Kh7 23. Ne4 h5 24. g4 Nc2 25. gxh5 Rg8 26. hxg6+ Kxg6 27. Kf1 Kf5 28. Nxd6+ 1-0


[Site "https://www.chess.com"]

[Event "Titled Tuesday Blitz October 5 2021"]
[White "Acosta, Pablo Ismael"]
[Black "ketster"]
[WhiteFideId "124311"]
[WhiteElo "2318"]
[BlackElo "2541"]
[Result "0-1"]
[Round "07"]
[TimeControl "180+1"]
[Date "2021.10.05"]
[WhiteClock "0:00:39"]
[BlackClock "0:00:57"]

1. d4 Nf6 2. c4 e6 3. Nc3 Bb4 4. g3 Bxc3+ 5. bxc3 d6 6. Bg2 O-O 7. e4 Nbd7 8. Be3 e5 9. Ne2 Nb6 10. Qb3 Be6 11. d5 Bd7 12. a4 Bc8 13. c5 Nbd7 14. cxd6 cxd6 15. O-O Qc7 16. a5 Ng4 17. Bd2 Nc5 18. Qb4 f5 19. f3 Nf6 20. Be3 fxe4 21. fxe4 Na6 22. Qa3 Bg4 23. Rf2 Rfc8 24. Rb1 Nc5 25. Qb4 Nd3 26. Qxb7 Rab8 27. a6 Nxf2 28. Kxf2 Rxb7 29. Rxb7 Qc4 0-1


[Site "https://www.chess.com"]

[Event "Titled Tuesday Blitz October 5 2021"]
[White "Akshat, Khamparia"]
[Black "Aloma Vidal, Robert"]
[WhiteFideId "5016541"]
[BlackFideId "2260409"]
[WhiteElo "2237"]
[BlackElo "2435"]
[Result "0-1"]
[Round "07"]
[TimeControl "180+1"]
[Date "2021.10.05"]
[WhiteClock "0:00:33"]
[BlackClock "0:00:08"]

1. d4 d5 2. c4 c6 3. Nf3 Nf6 4. Nc3 e6 5. Bg5 Nbd7 6. e3 h6 7. Bh4 g5 8. Bg3 Nh5 9. Qc2 Nxg3 10. hxg3 Bg7 11. e4 Nb6 12. c5 Nd7 13. O-O-O b6 14. exd5 exd5 15. Re1+ Kf8 16. cxb6 axb6 17. Bd3 Bb7 18. Rh5 c5 19. Kb1 c4 20. Bf5 Nf6 21. Rh2 b5 22. Reh1 b4 23. Na4 Ne4 24. Ne5 b3 25. axb3 cxb3 26. Qxb3 Nd2+ 27. Ka2 Nxb3 28. Kxb3 Qa5 29. Nd7+ Kg8 30. Ra1 Bc6 31. Ndc5 Bxa4+ 32. Rxa4 Qb5+ 33. Rb4 Qe2 34. Rh1 Bxd4 35. Nd7 Bg7 36. Rc1 Qxf2 37. Ra4 Rd8 38. Ra7 Qxa7 0-1


[Site "https://www.chess.com"]

[Event "Titled Tuesday Blitz October 5 2021"]
[White "Aldokhin, Ivan"]
[Black "Majdan, Joanna"]
[WhiteFideId "24115720"]
[BlackFideId "1121979"]
[WhiteElo "2231"]
[BlackElo "2270"]
[Result "1-0"]
[Round "07"]
[TimeControl "180+1"]
[Date "2021.10.05"]
[WhiteClock "0:00:10"]
[BlackClock "0:00:40"]

1. e4 c5 2. Nf3 e6 3. d4 cxd4 4. Nxd4 a6 5. Nc3 Qc7 6. Bd3 Nf6 7. Qe2 Nc6 8. Nxc6 bxc6 9. O-O d6 10. f4 e5 11. fxe5 dxe5 12. Kh1 Be7 13. Be3 Be6 14. Bxa6 Bg4 15. Qc4 Be6 16. Qd3 O-O 17. Bc4 Bxc4 18. Qxc4 Ng4 19. Bg1 Rab8 20. Nd5 Qd6 21. Nxe7+ Qxe7 22. h3 Qh4 23. a4 Rxb2 24. a5 Nf6 25. Rxf6 Qxf6 26. a6 Ra8 27. a7 Qd6 28. Ra6 Rb1 29. Rxc6 Qd7 30. Rc7 Qd8 31. Qxf7+ Kh8 32. Qxg7# 1-0


[Site "https://www.chess.com"]

[Event "Titled Tuesday Blitz October 5 2021"]
[White "Andreikin, Dmitry"]
[Black "Kovalev, Vladislav"]
[WhiteFideId "4158814"]
[BlackFideId "13504398"]
[WhiteElo "2736"]
[BlackElo "2573"]
[Result "1-0"]
[Round "07"]
[TimeControl "180+1"]
[Date "2021.10.05"]
[WhiteClock "0:01:31"]
[BlackClock "0:00:31"]

1. d4 Nf6 2. c4 g6 3. Nc3 Bg7 4. e4 d6 5. h3 O-O 6. Be3 e5 7. d5 a5 8. g4 Na6 9. Nge2 Nc5 10. Ng3 Bd7 11. Be2 c6 12. g5 Ne8 13. h4 Nc7 14. h5 cxd5 15. cxd5 a4 16. Bg4 Bb5 17. Bxc5 dxc5 18. d6 Bc4 19. dxc7 Qxg5 20. c8=Q Raxc8 21. Bxc8 Rxc8 22. hxg6 hxg6 23. Qd2 Qg4 24. Rd1 Bf6 25. Nd5 Bg5 26. Qc3 Bxd5 27. Qxe5 Bh4 28. Rxd5 f6 29. Rxh4 Qxh4 30. Qe6+ 1-0


[Site "https://www.chess.com"]

[Event "Titled Tuesday Blitz October 5 2021"]
[White "Avila Pavas, Santiago"]
[Black "Onyshchuk, Volodymyr"]
[WhiteFideId "4437128"]
[BlackFideId "14114038"]
[WhiteElo "2292"]
[BlackElo "2603"]
[Result "0-1"]
[Round "07"]
[TimeControl "180+1"]
[Date "2021.10.05"]
[WhiteClock "0:00:27"]
[BlackClock "0:01:15"]

1. d4 d6 2. Nf3 g6 3. Bg5 Bg7 4. e4 h6 5. Bh4 Nf6 6. Nbd2 O-O 7. c3 Nbd7 8. Bc4 e5 9. dxe5 dxe5 10. Qc2 Qe7 11. O-O-O c6 12. Nf1 b5 13. Bb3 Nc5 14. Ne3 a5 15. Qb1 Nxb3+ 16. axb3 Qc7 17. Bxf6 Bxf6 18. g4 Be6 19. h4 Bxb3 20. Rdg1 Rfd8 21. g5 hxg5 22. hxg5 Bg7 23. Ng4 Qd6 24. Nh6+ Kf8 25. Ng4 Rd7 26. Ne3 Rad8 27. Qa1 a4 28. Rg2 Qd1+ 29. Nxd1 Rxd1+ 30. Rxd1 Rxd1# 0-1


[Site "https://www.chess.com"]

[Event "Titled Tuesday Blitz October 5 2021"]
[White "Avramidou, Anastasia"]
[Black "Salimova, Nurgyul"]
[WhiteFideId "4239873"]
[BlackFideId "2915138"]
[WhiteElo "2183"]
[BlackElo "2071"]
[Result "1/2-1/2"]
[Round "07"]
[TimeControl "180+1"]
[Date "2021.10.05"]
[WhiteClock "0:00:05"]
[BlackClock "0:00:06"]

1. Nf3 g6 2. d4 Bg7 3. e4 d6 4. Nc3 a6 5. Be3 b5 6. Qd2 Nd7 7. O-O-O Bb7 8. Bd3 c5 9. dxc5 Nxc5 10. Kb1 Rc8 11. Rhe1 b4 12. Nd5 Bxd5 13. exd5 Nf6 14. Bd4 O-O 15. Bc4 a5 16. h4 a4 17. Qxb4 Rb8 18. Qa3 Qc7 19. h5 Rfc8 20. hxg6 hxg6 21. Rh1 Nce4 22. Bd3 Nc5 23. Rh4 Nxd3 24. Qxd3 Qb7 25. b3 axb3 26. axb3 Qxd5 27. Bxf6 Qxd3 28. Rxd3 Bxf6 29. Ra4 Rb5 30. Nd2 Rh5 31. Nf1 Rh1 32. Rd1 Kg7 33. Ne3 Rh5 34. c4 Rg5 35. Kc2 Be5 36. g3 Rh5 37. Ra7 Bf6 38. Rd2 Rhc5 39. Nd5 Re8 40. Nxf6 Kxf6 41. Kc3 Rec8 42. Re2 e6 43. Kd4 Rf5 44. f4 e5+ 45. fxe5+ dxe5+ 46. Kc3 Rf3+ 47. Kb4 Rb8+ 48. Kc5 Rfxb3 49. Rf2+ Kg5 50. Rfxf7 Rxg3 51. Rae7 Re3 52. Kd5 Rd8+ 53. Kc6 Re4 54. c5 Re1 55. Kc7 Rd2 56. c6 e4 57. Re6 e3 58. Rg7 Kf5 59. Rgxg6 e2 60. Rgf6+ Kg4 61. Rg6+ Kf5 62. Rgf6+ Kg5 63. Rg6+ Kf5 1/2-1/2


[Site "https://www.chess.com"]

[Event "Titled Tuesday Blitz October 5 2021"]
[White "Babazada, Khazar"]
[Black "Nakamura, Hikaru"]
[WhiteFideId "13413554"]
[BlackFideId "2016192"]
[WhiteElo "2302"]
[BlackElo "2884"]
[Result "1/2-1/2"]
[Round "07"]
[TimeControl "180+1"]
[Date "2021.10.05"]
[WhiteClock "0:00:08"]
[BlackClock "0:00:23"]

1. e4 c5 2. Nf3 d6 3. d4 cxd4 4. Nxd4 Nf6 5. Nc3 a6 6. Bd3 g6 7. Nde2 Bg7 8. O-O O-O 9. h3 b5 10. a3 Bb7 11. Be3 Nbd7 12. Qd2 Nc5 13. f3 e5 14. Bh6 Bxh6 15. Qxh6 d5 16. exd5 Nxd3 17. cxd3 Nxd5 18. Nxd5 Qxd5 19. Rad1 Rad8 20. Qe3 Rfe8 21. Rfe1 Qb3 22. Rd2 a5 23. Qb6 Qd5 24. Qxa5 Qd7 25. Qb6 Bd5 26. Qe3 f6 27. Nc3 Bf7 28. Red1 Qc6 29. Qf2 Rd4 30. Ne2 Rd7 31. d4 Bb3 32. Rc1 Qb6 33. Rc3 Bf7 34. Re3 Red8 35. Re4 Bd5 36. Rh4 g5 37. Rg4 h5 38. Rg3 h4 39. Rg4 Be6 40. Re4 Bf5 41. Re3 exd4 42. Rb3 Be6 43. Rb4 Bc4 44. b3 Bxe2 45. Qxe2 d3+ 46. Qf2 Qc6 47. f4 Rd5 48. fxg5 fxg5 49. Rg4 Rf8 50. Qe3 Qc1+ 51. Kh2 Qc7+ 52. Kg1 Qc5 53. Re4 Rdf5 54. Rxd3 Qxa3 55. Kh2 Qc5 56. Qxc5 Rxc5 57. Rd7 Rcf5 58. Ree7 R8f7 59. Rxf7 Rxf7 60. Rd5 Rg7 61. Rxb5 Kh7 62. g3 Kg6 63. gxh4 gxh4 64. Rb4 Kh5 65. Rd4 Rb7 66. Rd5+ Kg6 67. Rd4 Rxb3 68. Rxh4 Rb2+ 69. Kg3 Rb3+ 70. Kg2 Rb2+ 71. Kg3 Rb3+ 72. Kg2 Rb2+ 73. Kg3 1/2-1/2


[Site "https://www.chess.com"]

[Event "Titled Tuesday Blitz October 5 2021"]
[White "Bazarov, Konstantin"]
[Black "Stribuk, Artiom"]
[WhiteFideId "4137000"]
[BlackFideId "13515659"]
[WhiteElo "2084"]
[BlackElo "2224"]
[Result "1-0"]
[Round "07"]
[TimeControl "180+1"]
[Date "2021.10.05"]
[WhiteClock "0:00:10"]
[BlackClock "0:00:07"]

1. Nf3 Nf6 2. d3 g6 3. e4 Bg7 4. Be2 O-O 5. O-O c5 6. c3 Nc6 7. Be3 d6 8. h3 e5 9. Nbd2 Re8 10. Qc2 h6 11. Rfe1 Be6 12. Rad1 Rc8 13. Qb1 Qa5 14. Nc4 Qc7 15. Bf1 b6 16. Rc1 d5 17. exd5 Nxd5 18. Bd2 Rcd8 19. b4 b5 20. Na3 a6 21. bxc5 Bf5 22. Nh4 Bc8 23. c4 bxc4 24. Nxc4 Nd4 25. Nd6 Rxd6 26. cxd6 Qxd6 27. Be3 Nxe3 28. fxe3 Ne6 29. Nf3 Bd7 30. Red1 h5 31. Qc2 Bh6 32. Re1 Kh7 33. Qf2 f6 34. Rcd1 Bc6 35. d4 e4 36. Nd2 Nc7 37. Nc4 Qe7 38. Rc1 Ne6 39. Red1 Bd5 40. Nb6 Rd8 41. Nxd5 Rxd5 42. Bc4 Rf5 43. Qe2 Ng5 44. Rf1 Nf3+ 45. Kh1 Qd6 46. gxf3 exf3 47. Qf2 Qa3 48. Be6 Qxe3 49. Qxe3 Bxe3 50. Bxf5 Bxc1 51. Rxc1 gxf5 52. Rf1 Kg6 53. Rxf3 Kg5 54. Kg2 f4 55. d5 Kf5 56. d6 Ke6 57. Rxf4 Kxd6 58. Rxf6+ 1-0


[Site "https://www.chess.com"]

[Event "Titled Tuesday Blitz October 5 2021"]
[White "Begmuratov, Khumoyun"]
[Black "Seul, Georg"]
[WhiteFideId "14210207"]
[BlackFideId "4601653"]
[WhiteElo "1948"]
[BlackElo "2332"]
[Result "1-0"]
[Round "07"]
[TimeControl "180+1"]
[Date "2021.10.05"]
[WhiteClock "0:00:13"]
[BlackClock "0:00:22"]

1. e4 e5 2. Nf3 Nc6 3. d4 exd4 4. Nxd4 Bc5 5. Be3 Qf6 6. c3 Nge7 7. Be2 O-O 8. O-O Bxd4 9. cxd4 d5 10. e5 Qg6 11. Nc3 Be6 12. Rc1 Rad8 13. f4 Nf5 14. Bf2 f6 15. exf6 Qxf6 16. Nb5 Rd7 17. g4 Nd6 18. Nxd6 Rxd6 19. f5 Bc8 20. Bg3 Nxd4 21. Bxd6 Nxe2+ 22. Qxe2 Qxd6 23. Qe3 b6 24. Qf4 Qxf4 25. Rxf4 c5 26. Kf2 h5 27. h3 hxg4 28. hxg4 g6 29. Rd1 gxf5 30. gxf5 d4 31. f6 Kf7 32. Rg1 Ke6 33. Re1+ Kd5 34. Re7 c4 35. f7 Be6 36. Rf6 Bxf7 37. Rfxf7 Rh8 38. Rd7+ Ke4 39. Rfe7+ Kd3 40. Re3+ Kd2 41. Rxd4+ Kc1 42. Rxc4+ 1-0


[Site "https://www.chess.com"]

[Event "Titled Tuesday Blitz October 5 2021"]
[White "Berezin, Viktor"]
[Black "Aditya Mittal"]
[WhiteFideId "14107872"]
[BlackFideId "35042025"]
[WhiteElo "2310"]
[BlackElo "2245"]
[Result "1-0"]
[Round "07"]
[TimeControl "180+1"]
[Date "2021.10.05"]
[WhiteClock "0:00:58"]
[BlackClock "0:00:02"]

1. d4 Nf6 2. Nf3 g6 3. g3 Bg7 4. Bg2 O-O 5. O-O b6 6. a4 a5 7. Nc3 Bb7 8. Re1 d5 9. Ne5 Nbd7 10. Bf4 e6 11. e4 Nxe5 12. Bxe5 Nxe4 13. Nxe4 Bxe5 14. dxe5 dxe4 15. Qg4 Qd4 16. Bxe4 f5 17. exf6 Rxf6 18. Bf3 Qxg4 19. Bxg4 Kf7 20. f4 h5 21. Be2 Rd8 22. Rad1 Rxd1 23. Rxd1 Ke7 24. Bb5 c6 25. Bc4 Rf5 26. Re1 Bc8 27. Bd3 Rf6 28. Re5 Bd7 29. Kf2 h4 30. Ke3 hxg3 31. hxg3 Be8 32. c3 Rf8 33. b4 axb4 34. cxb4 c5 35. bxc5 bxc5 36. a5 Kd6 37. Bc4 Bd7 38. a6 Ra8 39. Kd2 Rb8 40. Kc3 Rb4 41. Rg5 Bb5 42. Bxb5 Rxb5 43. Rxg6 Kd5 44. Rg5+ Ke4 45. Re5+ Kf3 46. Rxe6 Kxg3 47. f5 Ra5 48. f6 1-0


[Site "https://www.chess.com"]

[Event "Titled Tuesday Blitz October 5 2021"]
[White "Bilych, Olexiy"]
[Black "Diaz Perez, Michel Alejandro"]
[WhiteFideId "14156504"]
[BlackFideId "3517179"]
[WhiteElo "2248"]
[BlackElo "2337"]
[Result "1-0"]
[Round "07"]
[TimeControl "180+1"]
[Date "2021.10.05"]
[WhiteClock "0:01:03"]
[BlackClock "0:01:02"]

1. d4 Nf6 2. c4 e6 3. Nf3 d5 4. g3 Be7 5. Bg2 O-O 6. O-O dxc4 7. Qc2 a6 8. a4 Bd7 9. Bg5 Bc6 10. Bxf6 Bxf6 11. Rd1 a5 12. Qxc4 Bxf3 13. Bxf3 c6 14. Nc3 Na6 15. e4 Nb4 16. Rd2 g6 17. Rad1 Qe7 18. h4 h5 19. e5 Bg7 20. Ne4 Rfd8 21. Nd6 Rxd6 22. exd6 Qxd6 23. Qc5 Qd8 24. Kg2 Bf8 25. Qc4 Qd6 26. Be4 Rd8 27. Qe2 Bg7 28. Qf3 Qe7 29. Bb1 Qf6 30. Qe4 Rd5 31. Qe3 Qd8 32. Be4 Rd6 33. f3 Qb6 34. g4 hxg4 35. fxg4 e5 36. h5 gxh5 37. gxh5 exd4 38. Qg3 Qc5 39. Rf1 Rh6 40. Rf5 Qe7 41. Qg4 Re6 42. Bf3 Re5 43. Rxe5 Qxe5 44. h6 d3 45. Qxg7+ Qxg7+ 46. hxg7 c5 47. Bxb7 Kxg7 48. b3 Kf6 49. Be4 Kg7 50. Bxd3 1-0


[Site "https://www.chess.com"]

[Event "Titled Tuesday Blitz October 5 2021"]
[White "Bortnyk, Olexandr"]
[Black "Goncalves, Ivan Mesquita V"]
[WhiteFideId "14120828"]
[BlackFideId "2114224"]
[WhiteElo "2723"]
[BlackElo "2299"]
[Result "1-0"]
[Round "07"]
[TimeControl "180+1"]
[Date "2021.10.05"]
[WhiteClock "0:00:10"]
[BlackClock "0:00:09"]

1. e4 c5 2. c3 Nf6 3. e5 Nd5 4. d4 cxd4 5. Nf3 e6 6. cxd4 d6 7. Bc4 Bd7 8. O-O Bc6 9. Qe2 Nd7 10. Rd1 Qc7 11. Nbd2 Be7 12. exd6 Bxd6 13. Ne4 O-O 14. Nxd6 Qxd6 15. a3 N7f6 16. Ne5 a6 17. Bg5 Rac8 18. Rd3 Bb5 19. Bxb5 axb5 20. Rg3 Rfe8 21. Bh6 g6 22. Qxb5 Ne7 23. Qxb7 Qxd4 24. Re1 Rb8 25. Qc7 Ne4 26. Rf3 f5 27. Nd3 Rbc8 28. Qb7 Qd5 29. Qxd5 Nxd5 30. h3 Rc2 31. b4 Ra8 32. Nc5 Nxc5 33. bxc5 Rxc5 34. Rxe6 Rc7 35. Rd3 Kf7 36. Rd6 Nf6 37. f3 Rca7 38. Bg5 Ng8 39. Rd7+ Rxd7 40. Rxd7+ Ke8 41. Rxh7 Rxa3 42. Rg7 Kf8 43. Rxg6 Kf7 44. Rc6 Ra5 45. h4 Rb5 46. Kh2 Ra5 47. Kg3 Kg7 48. h5 Kh7 49. Kf4 Ra2 50. g3 Ra3 51. Rc7+ Kh8 52. h6 Ra4+ 53. Kxf5 Ra3 54. Kg4 Ra4+ 55. f4 Ra6 56. h7 Nf6+ 57. Bxf6+ Rxf6 58. Rc8+ Kxh7 59. f5 Ra6 60. Kg5 Ra1 61. Rc7+ Kg8 62. Kg6 Ra8 63. f6 Kh8 64. Rh7+ Kg8 65. f7+ 1-0


[Site "https://www.chess.com"]

[Event "Titled Tuesday Blitz October 5 2021"]
[White "Csonka, Balazs"]
[Black "Alvarez Calzadilla, Jose Avelino"]
[WhiteFideId "742910"]
[BlackFideId "3526151"]
[WhiteElo "2404"]
[BlackElo "2540"]
[Result "1/2-1/2"]
[Round "07"]
[TimeControl "180+1"]
[Date "2021.10.05"]
[WhiteClock "0:00:22"]
[BlackClock "0:00:26"]

1. e4 e5 2. Nf3 Nc6 3. Nc3 Nf6 4. d4 exd4 5. Nxd4 Bb4 6. Nxc6 bxc6 7. Bd3 d5 8. Bd2 O-O 9. O-O Re8 10. Nxd5 Bxd2 11. Nxf6+ Qxf6 12. Qxd2 Qxb2 13. Qa5 Qb6 14. Qc3 Rb8 15. h4 Ba6 16. Kh2 Bxd3 17. cxd3 Red8 18. Rab1 Qa6 19. Rxb8 Rxb8 20. Rc1 Qxa2 21. Rc2 Qe6 22. Qxc6 Qxc6 23. Rxc6 Ra8 24. Rxc7 a5 25. d4 a4 26. d5 Kf8 27. d6 Ke8 28. Re7+ Kf8 29. Rc7 Ke8 30. Re7+ Kf8 31. Rc7 1/2-1/2


[Site "https://www.chess.com"]

[Event "Titled Tuesday Blitz October 5 2021"]
[White "Dang, Hoang Son"]
[Black "Martinez Reyes, Pedro Ramon"]
[WhiteFideId "12402435"]
[BlackFideId "3901807"]
[WhiteElo "2248"]
[BlackElo "2410"]
[Result "0-1"]
[Round "07"]
[TimeControl "180+1"]
[Date "2021.10.05"]
[WhiteClock "0:00:02"]
[BlackClock "0:01:08"]

1. d4 Nf6 2. Nc3 e6 3. Bg5 h6 4. Bh4 d5 5. e3 Be7 6. Bd3 c5 7. dxc5 Nbd7 8. b4 a5 9. a3 O-O 10. Nf3 axb4 11. axb4 Rxa1 12. Qxa1 e5 13. Nd2 e4 14. Be2 Ne5 15. Na4 Nc6 16. c3 Be6 17. O-O Ng4 18. Bxe7 Qxe7 19. h3 Nge5 20. Nb6 Qg5 21. Kh2 f5 22. g3 f4 23. exf4 Rxf4 24. gxf4 Qxf4+ 25. Kh1 Qh4 26. Re1 Qxh3+ 27. Kg1 Ng4 28. Nf1 Nce5 29. Qa8+ Kh7 30. Qe8 Nf3+ 31. Bxf3 exf3 0-1


[Site "https://www.chess.com"]

[Event "Titled Tuesday Blitz October 5 2021"]
[White "De Silva, L M S T"]
[Black "Matamoros Franco, Carlos S."]
[WhiteFideId "9953698"]
[BlackFideId "3600017"]
[WhiteElo "1621"]
[BlackElo "2554"]
[Result "1-0"]
[Round "07"]
[TimeControl "180+1"]
[Date "2021.10.05"]
[WhiteClock "0:00:41"]
[BlackClock "0:00:22"]

1. Nf3 Nf6 2. b3 g6 3. Bb2 Bg7 4. e3 O-O 5. c4 d6 6. Nc3 e5 7. d3 Re8 8. Be2 a5 9. O-O c6 10. Nd2 Na6 11. Nde4 Rb8 12. Rc1 b5 13. cxb5 cxb5 14. Nxf6+ Bxf6 15. Nd5 Bg7 16. d4 e4 17. a4 bxa4 18. Re1 axb3 19. Bxa6 Bxa6 20. Nc7 Bd3 21. Nxe8 Qxe8 22. Qd2 Qb5 23. Ra1 a4 24. Rec1 Bc2 25. h3 d5 26. Qc3 Bf8 27. Qc7 Ra8 28. Rf1 a3 29. f3 Ra6 30. fxe4 Bxe4 31. Qxf7+ 1-0


[Site "https://www.chess.com"]

[Event "Titled Tuesday Blitz October 5 2021"]
[White "Demchenko, Anton"]
[Black "Ivanisevic, Ivan"]
[WhiteFideId "4160258"]
[BlackFideId "912417"]
[WhiteElo "2583"]
[BlackElo "2499"]
[Result "1-0"]
[Round "07"]
[TimeControl "180+1"]
[Date "2021.10.05"]
[WhiteClock "0:00:07"]
[BlackClock "0:00:02"]

1. e4 c5 2. Nf3 Nc6 3. d4 cxd4 4. Nxd4 e5 5. Nb5 d6 6. N1c3 a6 7. Na3 b5 8. Nab1 Be7 9. a4 b4 10. Nd5 Nf6 11. Nxf6+ Bxf6 12. Bc4 O-O 13. Bd5 Qc7 14. O-O Be6 15. c4 Bxd5 16. exd5 Nd4 17. b3 g6 18. Bb2 Nf5 19. a5 Bg7 20. Ra4 Rab8 21. Nd2 Nh6 22. Ne4 f6 23. Qe1 Nf7 24. Rxb4 f5 25. Ng3 h5 26. Bc3 Nh6 27. h3 Rxb4 28. Bxb4 Rb8 29. Qd2 Nf7 30. Rb1 Bh6 31. Qe1 e4 32. Bc3 Qc5 33. Ne2 Ne5 34. Bd4 Qc7 35. Qc3 Nd3 36. b4 Qf7 37. b5 f4 38. f3 Qf5 39. Rf1 e3 40. bxa6 Nf2 41. a7 Ra8 42. Rxf2 exf2+ 43. Kxf2 Qd7 44. Qb2 Bf8 45. Qb6 Be7 46. Nc3 Bd8 47. Qb5 Rxa7 48. Bxa7 Qxa7+ 49. Ke2 Qe3+ 50. Kd1 Bh4 51. Kc2 Be1 52. Nb1 Qe2+ 53. Kb3 Qd1+ 54. Kb2 Qe2+ 55. Ka1 Bf2 56. Qb2 Qe1 57. a6 Qa5+ 58. Qa3 Bd4+ 59. Ka2 Qe1 60. Qxd6 Qe2+ 61. Kb3 Qd3+ 62. Ka4 Qxc4+ 63. Ka5 Qa2+ 64. Kb5 Qxb1+ 65. Kc6 Qc2+ 66. Kd7 Qa4+ 67. Ke7 Kg7 68. Qc6 Qb4+ 69. Kd7 Bf6 70. d6 Qa5 71. Qb7 Qd8+ 72. Ke6+ Kh6 73. d7 Qe7+ 74. Kd5 Qe5+ 75. Kc6 Be7 76. Qc7 Qc5+ 77. Kb7 Qd5+ 78. Qc6 Qb3+ 79. Kc8 Qd3 80. a7 Qa3 81. a8=Q Qxa8+ 82. Qxa8 Bd8 83. Qd5 1-0


[Site "https://www.chess.com"]

[Event "Titled Tuesday Blitz October 5 2021"]
[White "Demin, Vladimir"]
[Black "Todorovic, Bojan"]
[WhiteFideId "4167457"]
[BlackFideId "917087"]
[WhiteElo "2514"]
[BlackElo "2266"]
[Result "1-0"]
[Round "07"]
[TimeControl "180+1"]
[Date "2021.10.05"]
[WhiteClock "0:00:54"]
[BlackClock "0:00:27"]

1. e4 e5 2. Nf3 Nc6 3. Bb5 Nf6 4. O-O Nxe4 5. d4 Nd6 6. dxe5 Nxb5 7. a4 Nbd4 8. Nxd4 Nxd4 9. Qxd4 d5 10. exd6 Qxd6 11. Qe4+ Qe6 12. Qd4 Qd6 13. Qe3+ Be6 14. Nc3 Qc5 15. Qg3 Bd6 16. Qxg7 Be5 17. Be3 Bxg7 18. Bxc5 b6 19. Be3 Bxc3 20. bxc3 O-O-O 21. a5 c5 22. axb6 axb6 23. Ra7 Kb8 24. Re7 Rhe8 25. Bf4+ Kc8 26. Rc7+ Kb8 27. Rxf7+ Kc8 28. Rc7+ Kb8 29. Rxh7+ Kc8 30. Rc7+ Kb8 31. Ra1 Bd5 32. Rxc5+ Kb7 33. Rc7+ Kb8 34. c4 Bb7 35. Rc6+ 1-0


[Site "https://www.chess.com"]

[Event "Titled Tuesday Blitz October 5 2021"]
[White "Djordjevic, Vuk"]
[Black "Pichot, Alan"]
[WhiteFideId "902098"]
[BlackFideId "110973"]
[WhiteElo "2463"]
[BlackElo "2600"]
[Result "0-1"]
[Round "07"]
[TimeControl "180+1"]
[Date "2021.10.05"]
[WhiteClock "0:00:02"]
[BlackClock "0:00:05"]

1. d4 Nf6 2. Bg5 d5 3. Bxf6 gxf6 4. e3 c6 5. c4 Bf5 6. Nc3 e6 7. Nf3 Nd7 8. Nh4 Bg6 9. Nxg6 hxg6 10. Bd3 Bd6 11. h3 f5 12. O-O Qg5 13. f4 Qh4 14. Qe1 Kf8 15. Qxh4 Rxh4 16. Kh2 Kg7 17. g3 Rh5 18. Kg2 Nf6 19. c5 Bc7 20. b4 a6 21. a4 Rah8 22. Rh1 Ra8 23. b5 Ba5 24. Ne2 g5 25. g4 fxg4 26. hxg4 Rxh1 27. Rxh1 Nxg4 28. Rh7+ Kg8 29. fxg5 axb5 30. axb5 Nxe3+ 31. Kf3 Bd2 32. g6 fxg6 33. Rxb7 Ra3 34. bxc6 Rxd3 35. c7 Nf5+ 36. Kg4 Nh6+ 37. Kh4 Nf5+ 38. Kg4 Ne7 39. c8=Q+ Nxc8 40. Rb8 Kf7 41. Rxc8 Re3 42. Ng3 Be1 43. Rc7+ Kf6 44. Nf1 Re4+ 45. Kf3 Rxd4 46. c6 Rc4 47. Ne3 Rc3 48. Ke2 Bg3 49. Rc8 Bf4 50. Nd1 Rc4 51. Nf2 Kg5 52. Nd3 Bd6 53. Ne1 Re4+ 54. Kd1 Rc4 55. Nf3+ Kf5 56. Ne1 Ke4 57. Ke2 Bb4 58. Nd3 Rc2+ 59. Kd1 Kxd3 60. c7 Rd2+ 61. Kc1 Ba3+ 62. Kb1 Bd6 63. Kc1 Rc2+ 64. Kd1 Rxc7 65. Ra8 Rc3 66. Rh8 Bf4 67. Ke1 Be3 68. Kf1 Ke4 69. Re8 e5 70. Rf8 Rc1+ 71. Kg2 d4 72. Rf6 d3 0-1


[Site "https://www.chess.com"]